 Dungeon Crawl Stone Soup version 0.26.1-11-gd32895ea62 (webtiles) character file.

Game seed: 9540359590835947088

96 Almogavar the Magician (level 4, -3/21 HPs)
             Began as a Spriggan Conjurer on July 7, 2021.
             Killed from afar by Sigmund (10 damage)
             ... with a puff of flame
             ... on level 2 of the Dungeon.
             The game lasted 00:08:02 (1482 turns).

Almogavar the Magician (Spriggan Conjurer)          Turns: 1482, Time: 00:08:03

Health: -3/21      AC:  2    Str:  4    XL:     4   Next: 41%
Magic:  2/11       EV: 18    Int: 19    God:
Gold:   76         SH:  0    Dex: 14    Spells: 8/11 levels left

rFire    . . .     SeeInvis +   f - +0 dagger
rCold    . . .     Faith    .   (shield restricted)
rNeg     . . .     Spirit   .   a - +0 robe
rPois    .         Reflect  .   (helmet restricted)
rElec    .         Harm     .   (no cloak)
rCorr    .         Rampage  .   (gloves unavailable)
Will     .....                  (boots unavailable)
Stlth    +.........             g - amulet of magic regeneration
HPRegen  0.07/turn              (no ring)
MPRegen  0.37/turn              (no ring)

@: confused, very quick
A: very small, unfitting armour, see invisible, speed 3
a: no special abilities


You were on level 2 of the Dungeon.
You visited 1 branch of the dungeon, and saw 2 of its levels.

You collected 76 gold pieces.

Inventory:

Hand Weapons
 f - a +0 dagger (weapon)
Armour
 a - a +0 robe (worn)
Jewellery
 g - an amulet of magic regeneration (around neck)
Scrolls
 c - a scroll of amnesia {unknown}
 d - a scroll of fog {unknown}
 e - 2 scrolls of magic mapping {unknown}
 i - a scroll of remove curse {unknown}
 j - 2 scrolls of identify {unknown}
Potions
 b - a potion of lignification {unknown}
 h - a potion of curing {unknown}
 k - a potion of berserk rage {unknown}


   Skills:
 + Level 3.1 Dodging
 + Level 3.2 Stealth
 + Level 4.0 Spellcasting
 + Level 3.9 Conjurations


You had 8 spell levels left.
You knew the following spells:

 Your Spells              Type           Power        Failure   Level
a - Magic Dart            Conj           72%          2%          1
b - Searing Ray           Conj           36%          4%          2

Your spell library contained the following spells:

 Spells                   Type           Power        Failure   Level
 Dazzling Flash           Conj/Hex       22%          19%         3
 Fulminant Prism          Conj/Hex       5%           52%         4
 Iskenderun's Mystic Bla  Conj/Tloc      11%          52%         4


Dungeon Overview and Level Annotations

Branches:
Dungeon (2/15)

Altars:

Annotations:
D:2 Sigmund


Innate Abilities, Weirdness & Mutations

You are very small and have problems with some larger weapons.
You are too small for most types of armour.
You have supernaturally acute eyesight. (SInv)
You cover ground extremely quickly.


Message History

The searing ray misses Sigmund.
Sigmund closely misses you.
The searing ray misses Sigmund.
Sigmund casts a spell at you. The magic dart hits you.
The searing ray misses Sigmund.
You finish channeling your searing ray.
Sigmund closely misses you.
You hit Sigmund.
Sigmund is almost dead.
You hit Sigmund but do no damage.
Sigmund is almost dead.
Sigmund gestures at you while chanting.
You are confused.
You bump into the rock wall.
Sigmund gestures at you while chanting. The magic dart hits you!
Ouch! That really hurt!
You bump into the rock wall.
Sigmund casts a spell at you. The puff of flame hits you!
You die...

##.#....####.##.##.##.#####..
##.#....####.##.##...........
...#....#.##.##........#
#..###.##...........#..#####
#..###.##.##.###.#..#..<...#
..........##.###....#.).##.######
....................†.....().....
...##.######.######.#.#..#.###[##
#.###.#.)......@@.....##.#.# #.#
#.....#.#####.#####.####...# #.#
#######..####.#####.# #..# #.##
...# ..@............ .†.# #...
#### ...####S#####.. ....# ####
.). ..... ##..# ..w. #....


You could see Sigmund (invisible).

Vanquished Creatures
  Jessica (D:2)
  2 adders (D:2)
  A worm (D:2)
  A dart slug (D:2)
  A giant cockroach (D:1)
  2 goblins
  7 hobgoblins
  7 jackals (D:1)
  10 kobolds
  5 bats
  3 frilled lizards
  3 rats
43 creatures vanquished.

Notes
Turn   | Place    | Note
-------+----------+-------------------------------------------
     0 | D:1      | Almogavar the Spriggan Conjurer began the quest for the
                  | Orb.
     0 | D:1      | Reached XP level 1. HP: 9/9 MP: 5/5
   131 | D:1      | Reached XP level 2. HP: 13/13 MP: 0/6
   421 | D:1      | Learned a level 2 spell: Searing Ray
   554 | D:1      | Reached skill level 3 in Spellcasting
   926 | D:1      | Reached XP level 3. HP: 16/16 MP: 8/8
  1232 | D:2      | Noticed Jessica
  1246 | D:2      | Killed Jessica
  1247 | D:2      | Reached XP level 4. HP: 21/21 MP: 5/10
  1328 | D:2      | Noticed Sigmund
  1460 | D:2      | Reached skill level 4 in Spellcasting
  1482 | D:2      | Killed from afar by Sigmund

Illustrated notes

Levels and vault maps discovered:
D:1:      amcnicky_arrival_gap_in_the_tavern_cellar, layout_basic,
          minmay_misc_feat_x, minmay_misc_feat_secret_circle
D:2:      layout_basic, uniq_terence, uniq_jessica, uniq_sigmund

Skill      XL: |  1  2  3  4 |
---------------+-------------+-----
Conjurations   | 3 |  3.9
Spellcasting   | 3 4 |  4.0
Dodging        | |  3.1
Stealth        | |  3.2

Action                   |  1- 3 |  4- 6 || total
-------------------------+-------+-------++-------
Melee: Dagger            |     1 |     8 ||     9
 Cast: Magic Dart        |    43 |     6 ||    49
       Searing Ray       |    11 |     7 ||    18
 Stab: Sleeping          |     1 |     1 ||     2
Dodge: Dodged            |     5 |    11 ||    16
